 Dungeon Crawl Stone Soup version 0.27.1-34-g3ba077fa99 (webtiles) character file.

Game seed: 3683544703562201378

276 McKennaii the Poker (level 6, -2/47 HPs)
             Began as a Demonspawn Fighter on Jan 16, 2022.
             Slain by a scorpion (4 damage)
             ... on level 4 of the Dungeon.
             The game lasted 00:02:44 (3473 turns).

McKennaii the Poker (Demonspawn Fighter)            Turns: 3473, Time: 00:02:44

Health: -2/47      AC:  9    Str: 19    XL:     6   Next: 4%
Magic:  6/6        EV:  7    Int: 15    God:
Gold:   214        SH:  9    Dex: 12    Spells: 5/5 levels left

rFire    + . .     SeeInvis .   a - +0 trident
rCold    + . .     Faith    .   c - +0 kite shield
rNeg     + . .     Spirit   .   b - +0 scale mail
rPois    +         Reflect  .   (no helmet)
rElec    +         Harm     .   (no cloak)
rCorr    +         Rampage  .   (no gloves)
Will     .....                  (no boots)
Stlth    ..........             (no amulet)
HPRegen  0.15/turn              n - +6 ring of intelligence
MPRegen  0.10/turn              s - ring of positive energy

@: lethally poisoned (-2 -> -4), resistant
A: sharp scales 2
a: no special abilities


You were on level 4 of the Dungeon.
You visited 1 branch of the dungeon, and saw 4 of its levels.

You collected 214 gold pieces.

Inventory:

Hand Weapons
 a - a +0 trident (weapon)
Armour
 b - a +0 scale mail (worn)
 c - a +0 kite shield (worn)
Jewellery
 n - a +6 ring of intelligence (left hand)
 s - a ring of positive energy (right hand)
Wands
 q - a wand of flame (23)
Scrolls
 f - a scroll of fear {unknown}
 h - a scroll of vulnerability {unknown}
 i - a scroll of amnesia {unknown}
 j - 3 scrolls of identify {unknown}
 m - a scroll of enchant armour {unknown}
 p - a scroll of teleportation {unknown}
Potions
 d - 2 potions of might
 k - a potion of haste {unknown}
 l - a potion of mutation {unknown}
 o - a potion of curing {unknown}
 r - a potion of brilliance {unknown}


   Skills:
 - Level 3.0 Fighting
 * Level 4.3 Polearms
 + Level 3.8 Armour
 + Level 3.8 Shields


You had 5 spell levels left.
You didn't know any spells.
Your spell library contained the following spells:

 Spells                   Type           Power      Damage    Failure   Level
 Magic Dart               Conj           0%         1d3       97%         1
 Call Imp                 Summ           0%         N/A       99%         2
 Searing Ray              Conj           0%         3d3       99%         2
 Mephitic Cloud           Conj/Pois/Air  0%         N/A       100%        3
 Fulminant Prism          Conj/Hex       0%         3d6       100%        4
 Dispersal                Tloc           0%         N/A       100%        6
 Disjunction              Tloc           0%         N/A       100%        8


Dungeon Overview and Level Annotations

Branches:
Dungeon (4/15)
 Temple: D:4-7

Altars:
Fedhas
Nemelex Xobeh
Okawaru
Wu Jian


Innate Abilities, Weirdness & Mutations

You are mostly covered in razor-sharp scales. (AC +2, Slay +2)


Message History

You are poisoned.
You have difficulty breathing.
You feel yourself slow down.
You reach to attack!
You barely miss the goblin.
You feel very sick.
The goblin throws a curare-tipped dart.
The curare-tipped dart hits you.
You are more poisoned.
You have difficulty breathing.
You feel as though you will be slow longer.
You hit the goblin.
You kill the goblin!
You feel extremely sick. The scorpion stings you!
You are too injured to fight recklessly!
You are too injured to fight recklessly!
You are too injured to fight recklessly!
Unknown command.
You hit the scorpion.
The scorpion is lightly wounded.
You feel very sick. You block the scorpion's attack. The scorpion stings you.
* * * LOW HITPOINT WARNING * * *
You block the scorpion's attack.
It was a potion of cancellation.
Your magical effects are unravelling.
You feel magically purged.
You feel yourself speed up.
* * * LOW HITPOINT WARNING * * *
You feel sick.
The scorpion stings you but does no damage.
The scorpion completely misses you.
Okay, then.
* * * LOW HITPOINT WARNING * * *
You feel sick.
* * * LOW HITPOINT WARNING * * *
You feel sick.
It was a potion of resistance.
You feel protected.
* * * LOW HITPOINT WARNING * * *
You feel sick. The scorpion stings you.
You die...

.. #. ... #.> ... #.#
#####.# #.. .....# #.#
#...# ##.###).##
###...##.#.##
#.....@s....#
#.#...##.###.# ##.###.#
#.. .# #.# #.# #.## .##
#.###.# #..# #...
#...#.# #..# #...
###.#)# #..# ##..#
#.#.# #..#####(..#
#.####.#.###......#....


You could see a scorpion.

Vanquished Creatures
  A scorpion (D:4)
  A howler monkey (D:3)
  A hound (D:4)
  A jelly (D:4)
  An iguana (D:2)
  A hound skeleton (D:4)
  3 adders
  A worm (D:3)
  2 dart slugs
  An orc (D:3)
  7 endoplasms
  A giant cockroach (D:4)
  7 goblins
  5 hobgoblins
  6 kobolds
  2 quokkas
  4 ball pythons
  4 bats
  3 frilled lizards
  2 rats
54 creatures vanquished.

Vanquished Creatures (others)
  2 plants (D:3)
2 creatures vanquished.

Grand Total: 56 creatures vanquished

Notes
Turn   | Place    | Note
-------+----------+-------------------------------------------
     0 | D:1      | McKennaii the Demonspawn Fighter began the quest for the
                  | Orb.
     0 | D:1      | Reached XP level 1. HP: 18/18 MP: 1/1
   124 | D:1      | Reached skill level 2 in Polearms
   265 | D:1      | Gained mutation: You are partially covered in razor-sharp
                  | scales. (AC +1, Slay +1) [demonic ancestry]
   265 | D:1      | Reached XP level 2. HP: 21/24 MP: 2/2
   671 | D:1      | You fall into a shaft and drop 1 floor!
   838 | D:2      | Found a faded altar of an unknown god.
  1469 | D:2      | Reached XP level 3. HP: 29/29 MP: 3/3
  1629 | D:2      | Reached skill level 3 in Polearms
  1629 | D:2      | Gained mutation: You are mostly covered in razor-sharp
                  | scales. (AC +2, Slay +2) [demonic ancestry]
  1629 | D:2      | Reached XP level 4. HP: 2/35 MP: 4/4
  2027 | D:3      | Found a blossoming altar of Fedhas.
  2276 | D:3      | Found a sparkling altar of Nemelex Xobeh.
  3007 | D:3      | Reached XP level 5. HP: 41/41 MP: 5/5
  3200 | D:4      | Found an iron altar of Okawaru.
  3213 | D:4      | Reached skill level 4 in Polearms
  3330 | D:4      | Found an ornate altar of the Wu Jian Council.
  3449 | D:4      | Reached XP level 6. HP: 47/47 MP: 6/6
  3473 | D:4      | HP: 2/47 [poisoned by a goblin (curare-tipped dart)]
  3473 | D:4      | Slain by a scorpion

Illustrated notes

Levels and vault maps discovered:
D:1:      erik_arrival_cave_to_civilisation [erik_arrival_cave_to_hall],
          layout_basic, grunt_decor_fettered, serial_park_tiny_2
D:2:      layout_basic, shapermc_ecumenical_altar_mp_highgroup,
          columned_hall_lemuel
D:3:      cheibrodos_old_hovel, layout_basic, mainiacjoe_overflow_catwalk,
          fedhas_ov_isle_minmay, grunt_ministairs_7, grunt_decor_cap,
          minmay_unequal
D:4:      layout_loops_ring, nicolae_kikubaaqudgha_miasma_corner,
          nicolae_wu_jian_wuxing_cycle, lemuel_crystal_altar,
          kennysheep_windowed_goal

Skill      XL: |  1  2  3  4  5 |
---------------+----------------+-----
Polearms       | 2 3 4 |  4.3
Shields        | 3 |  3.8
Armour         | 3 |  3.8
Fighting       | |  3.0

Action                   |  1- 3 |  4- 6 || total
-------------------------+-------+-------++-------
Melee: Trident           |    91 |   102 ||   193
  Use: Potion            |       |     2 ||     2
Armor: Scale mail        |    37 |    31 ||    68
Dodge: Dodged            |    23 |    26 ||    49
Block: Kite shield       |    36 |    35 ||    71
